Cogmind - Beta 15 *** ADVENTURER MODE // 2025.06.06 @ 07:41:44 Player: triibiis Result: Destroyed by G-34 Mercenary with Small Laser Performance ------------- Evolutions (1) 500 Regions Visited (2) 400 Robots Destroyed (30) 150 Value Destroyed (657) 657 Prototype IDs (0) 0 Alien Tech Used (0) 0 Bonus (0) 0 TOTAL SCORE: 1707 Bonus ------- None Cogmind --------- Core Integrity 0/400 Matter 30/300 Energy 100/100 System Corruption 0% Temperature Cool (6) Movement Core (350) Ox6 Location -9/Materials Parts ------- > --- POWER (2) -------- (None) > --- PROPULSION (2) --- (None) > --- UTILITY (2) ------ Large Storage Unit > --- WEAPON (3) ------- (None) > --- INVENTORY (15) --- Light Ion Engine Light Treads Light Treads Wheel Wheel EM Pulse Gun Medium Laser Particle Gun Beam Cannon Rocket Launcher Peak State ------------ > --- POWER ------------ Ion Engine Light Ion Engine > --- PROPULSION ------- Compact Wheel Compact Wheel > --- UTILITY ---------- Large Storage Unit ECM Suite > --- WEAPON ----------- Assault Rifle Rocket Launcher Rocket Launcher > --- INVENTORY -------- Ion Engine Light Ion Engine Light Ion Engine Light Treads Light Treads Wheel Wheel EM Pulse Gun Medium Laser Particle Gun Beam Cannon Rocket Launcher Rocket Launcher Rocket Launcher Rocket Launcher [Rating: 13] Favorites ----------- Power Ion Engine Engine Ion Engine Propulsion Compact Wheel Wheel Compact Wheel Utility Large Storage Unit Device ECM Suite Storage Large Storage Unit Weapon Assault Rifle Energy Gun EM Pulse Gun Ballistic Gun Assault Rifle Launcher Rocket Launcher Build | -11 -10 -9 ------- Run | Yrd Mat Mat Slots Evolved 2 | . . 2 Power 1 | . . 1 Propulsion . | . . . Utility . | . . . Weapon 1 | . . 1 Parts Attached 19 | 7 3 9 Power 4 | 1 1 2 Engine 4 | 1 1 2 Core . | . . . Reactor . | . . . Propulsion 2 | 2 . . Treads . | . . . Leg . | . . . Wheel 2 | 2 . . Hover . | . . . Flight . | . . . Utility 3 | 1 2 . Device 1 | . 1 . Storage 2 | 1 1 . Processor . | . . . Hackware . | . . . Protection . | . . . Artifact . | . . . Weapon 10 | 3 . 7 Energy Gun 2 | 2 . . Energy Cannon . | . . . Ballistic Gun 1 | 1 . . Ballistic Cannon . | . . . Launcher 7 | . . 7 Special Weapon . | . . . Impact Weapon . | . . . Slashing Weapon . | . . . Piercing Weapon . | . . . Special Melee Weapon . | . . . Unidentified Prototypes . | . . . Parts Lost 14 | . . 14 Power 4 | . . 4 Propulsion 2 | . . 2 Utility 1 | . . 1 Weapon 7 | . . 7 Highest Loss Streak 13 | . . 13 To Critical Strikes . | . . . Average Backups 9 | 2 9 11 Power 2 | . 3 2 Propulsion 3 | 1 2 4 Utility . | . . . Weapon 3 | . 3 4 Tool/Special . | . . . Unused Backups 8 | . . 8 Power 1 | . . 1 Propulsion 3 | . . 3 Utility . | . . . Weapon 4 | . . 4 Tool/Special . | . . . Average Slot Usage (%) 91 | . 95 83 Engine 15 | . 14 18 Wheel 24 | . 28 17 Device 10 | . 10 10 Storage 13 | . 14 11 Energy Gun 10 | . 14 4 Ballistic Gun 12 | . 14 8 Launcher 4 | . . 13 Peak Build Rating 13 | 6 8 13 Average Rating 7 | 4 7 9 On Entrance 4 | . 6 8 Naked Turns . | . . . Heaviest Build 42 | 14 34 42 Greatest Support 32 | 32 32 32 Greatest Overweight (x) 13 | 1 1 13 Average Overweight (x) . | . . 1 Largest Inventory Capacity 15 | 8 15 15 Average Capacity 14 | 6 14 15 Most Carried 15 | 4 12 15 Average Carried 9 | 2 9 11 Final Capacity 15 | 8 15 15 Final Carried 12 | 4 12 10 Class Distribution -------------------- 85% | Mutant 14% | Gunner Dominant Class ---------------- Mutant | -10/Materials Mutant | -9/Materials Resources | -11 -10 -9 ----------- Run | Yrd Mat Mat Matter Collected 423 | 208 143 72 Remotely . | . . . Salvage Created 632 | . 248 384 Parts 42 | . 14 28 Haulers Intercepted 2 | . . 2 Recyclers Shooed 1 | . . 1 Parts Field Recycled . | . . . Retrieved Matter . | . . . Parts Self-Destructed . | . . . Prevented . | . . . Kills | -11 -10 -9 ------- Run | Yrd Mat Mat Combat Hostiles Destroyed 20 | . 7 13 Guns 8 | . 6 2 AOE 12 | . 1 11 Classes Destroyed 8 | . 4 4 Worker 1 | . 1 . Builder 4 | . 1 3 Tunneler 1 | . . 1 Hauler 2 | . . 2 Watcher 2 | . . 2 Swarmer 6 | . 3 3 Grunt 13 | . 4 9 Sentry 1 | . . 1 Best Kill Streak 12 | . 4 12 Combat Bots Only 7 | . 4 7 Max Kills in Single Turn 5 | . 1 5 Gunslinging . | . . . Exploded 4 | . 1 4 Melee . | . . . Uniques/NPCs Destroyed . | . . . Combat | -11 -10 -9 -------- Run | Yrd Mat Mat Hostile Shots Fired 239 | . 28 211 Missed 67 | . 11 56 Hits 172 | . 17 155 Projectile 172 | . 17 155 Critical Strikes 2 | . . 2 Damage Taken 1417 | . 153 1264 Core 441 | . 40 401 Absorbed by Shields . | . . . Ignored by Resistances 448 | . 44 404 Core Remaining (%) 92 | 100 84 . Volleys Fired 35 | . 18 17 Largest 3 | . 2 3 Hottest 93 | . 60 93 Shots Fired 80 | . 36 44 Gun 56 | . 36 20 Cannon . | . . . Launcher 24 | . . 24 Special . | . . . Kinetic 34 | . 18 16 Thermal . | . . . Explosive 24 | . . 24 Electromagnetic 22 | . 18 4 Robot Hit Streak 17 | . 11 17 Robot Miss Streak 4 | . 4 2 Penetration Max . | . . . Secondary Targets 1 | . 1 . Max Gunslinging Chain 1 | . 1 . Shots Hit Robots 56 | . 23 33 Core Hits 44 | . 13 31 Critical Kills . | . . . Critical Parts Destroyed . | . . . Critical Strikes 1 | . 1 . Corrupt 1 | . 1 . Melee Attacks . | . . . Impact . | . . . Slashing . | . . . Piercing . | . . . Sneak Attacks . | . . . Combat Hostiles . | . . . Follow-up Attacks . | . . . Damage Inflicted 2182 | . 466 1716 Guns 513 | . 279 234 Cannons . | . . . Explosions 1635 | . 161 1474 Melee . | . . . Ramming 34 | . 26 8 Kinetic 313 | . 126 187 Thermal 161 | . 161 . Explosive 1474 | . . 1474 Electromagnetic 200 | . 153 47 Impact . | . . . Slashing . | . . . Piercing . | . . . Highest Corruption 1 | . 1 . Average Corruption 1 | . 1 . Corruption Purged . | . . . Corruption Blocked . | . . . Overload Shots . | . . . Overflow Damage 50 | . 29 21 Projectiles . | . . . Explosions 50 | . 29 21 Melee . | . . . Knockbacks 1 | . . 1 Impact 1 | . . 1 Kinetic . | . . . Secondary . | . . . Self-Inflicted Damage 62 | . 13 49 Shots 2 | . . 2 Rammed 4 | . 2 2 Targets Rammed 4 | . 2 2 Kicked . | . . . Crushed . | . . . Highest Temperature 216 | . 36 216 Average Temperature 63 | . 21 85 Received Heat Transfer 726 | . 75 651 Effects 1 | . . 1 Interference 1 | . . 1 Siege Activations . | . . . Martial Activations . | . . . Shielding Activations . | . . . Robots Disrupted . | . . . Combat Hostiles . | . . . Robots Corrupted . | . . . Combat Hostiles . | . . . Parts Fried . | . . . Impact Corruptions . | . . . Robots Melted . | . . . Combat Hostiles . | . . . Parts Melted 1 | . 1 . Heat Transferred 200 | . 200 . Parts Sabotaged . | . . . Parts Stolen . | . . . Parts Stripped . | . . . Power Chain Reactions 3 | . 3 . Alert | -11 -10 -9 ------- Run | Yrd Mat Mat Maximum Alert Level 1 | . . 1 Low Security (%) 89 | 100 100 65 Level 1 10 | . . 34 Level 2 . | . . . Level 3 . | . . . Level 4 . | . . . Level 5 . | . . . High Security . | . . . Max Security . | . . . Peak Influence 338 | . 87 338 Initial 26 | . . 26 Average 49 | . 15 132 Influence Increases 680 | . 212 468 Destroy 0b10 Robot/C 400 | . 140 260 Destroy 0b10 Robot/NC 50 | . 10 40 Destroy Leader 58 | . 20 38 Successful Hack 31 | . 19 12 Disable Machine 18 | . 9 9 Destroy Structure 123 | . 14 109 Influence Decreases 492 | . 138 354 Entered New Map 48 | . . 48 Time Decay 304 | . 138 166 Lost Part 140 | . . 140 Squads Dispatched 2 | . 1 1 Investigation 2 | . 1 1 Extermination . | . . . Reinforcement . | . . . Assault . | . . . Garrison . | . . . Intercept . | . . . Searches Triggered . | . . . Construction Impeded . | . . . Haulers Reinforced . | . . . Active Scanning Responses . | . . . Cargo Convoy Interrupts . | . . . Stealth | -11 -10 -9 --------- Run | Yrd Mat Mat Distress Signals 1 | . . 1 Communications Jammed . | . . . Distress Signals . | . . . Times Spotted 34 | . 8 26 Peak Tracking Total 8 | . 5 8 Tactical Retreats 5 | . 2 3 Traps | -11 -10 -9 ------- Run | Yrd Mat Mat Traps Triggered 1 | . 1 . Indirectly . | . . . Trap Hack Attempts . | . . . Triggered . | . . . Disarmed . | . . . Reprogrammed . | . . . Reused . | . . . Traps Extracted . | . . . Installed . | . . . Triggered . | . . . Machines | -11 -10 -9 ---------- Run | Yrd Mat Mat Machines Disabled 2 | . 1 1 Max in Single Turn 1 | . 1 1 Machines Repaired . | . . . Machines Dismantled . | . . . Machines Sabotaged . | . . . Overloaded Fab Kills . | . . . Hacking | -11 -10 -9 --------- Run | Yrd Mat Mat Machines Accessed 5 | . 3 2 Terminals 5 | . 3 2 Fabricators . | . . . Repair Stations . | . . . Recycling Units . | . . . Scanalyzers . | . . . Garrison Access . | . . . Total Hacks 17 | . 11 6 Successful 7 | . 4 3 Failed 10 | . 7 3 Catastrophic 4 | . 3 1 Database Lockouts . | . . . Manual 14 | . 12 2 Terminals 17 | . 11 6 Fabricators . | . . . Repair Stations . | . . . Recycling Units . | . . . Scanalyzers . | . . . Garrison Access . | . . . Terminal Hacks 7 | . 4 3 Level Access Points 1 | . 1 . Branch Access Points 1 | . 1 . Emergency Access Points 2 | . 1 1 Terminal Index 1 | . . 1 Hauler Manifests 1 | . 1 . Zone Layout 1 | . . 1 Fabricator Hacks . | . . . Repair Station Hacks . | . . . Recycling Unit Hacks . | . . . Scanalyzer . | . . . Garrison Access Hacks . | . . . Unauthorized Hacks . | . . . Terminals . | . . . Fabricators . | . . . Repair Stations . | . . . Recycling Units . | . . . Scanalyzers . | . . . Garrison Access . | . . . Data Cores Recovered . | . . . Used . | . . . Hacking Detections 5 | . 3 2 Full Trace Events 5 | . 3 2 Feedback Events . | . . . Feedback Blocked . | . . . Robot Schematics Acquired . | . . . Robots Built . | . . . Authchips . | . . . Time . | . . . Total Robot Build Rating . | . . . Part Schematics Acquired . | . . . Parts Built . | . . . Authchips . | . . . Time . | . . . Total Part Build Rating . | . . . Parts Repaired . | . . . Time . | . . . Parts Recycled . | . . . Recycled Matter . | . . . Retrieved Matter . | . . . Retrieved Components . | . . . Parts Scanalyzed . | . . . Part Schematics Acquired . | . . . Parts Damaged . | . . . Bothacking | -11 -10 -9 ------------ Run | Yrd Mat Mat Used RIF Installer . | . . . Robots Hacked . | . . . Non-combat . | . . . Combat . | . . . Robot Hacks Applied . | . . . Relay Couplers Released . | . . . Fabnet Peak Effective % . | . . . Robots Rewired . | . . . Allies Hacked . | . . . Hacks Repelled . | . . . Allies | -11 -10 -9 -------- Run | Yrd Mat Mat Total Allies . | . . . Largest Group . | . . . Highest-Rated Group . | . . . Highest-Rated Ally . | . . . Total Orders . | . . . Ally Attacks . | . . . Total Damage . | . . . Kills . | . . . Allies Corrupted . | . . . Allies Melted . | . . . Intel | -11 -10 -9 ------- Run | Yrd Mat Mat Active Infowar (turns) 1015 | . 633 382 ECM 1015 | . 633 382 Robot Analysis Total . | . . . Derelict Logs Recovered . | . . . Drone Launches . | . . . Drone Recoveries . | . . . Exploration | -11 -10 -9 ------------- Run | Yrd Mat Mat Turns Passed 1395 | 114 858 423 Spaces Moved 730 | 107 378 245 Core 40 | 24 . 16 Treads . | . . . Legs . | . . . Wheels 690 | 83 378 229 Hover . | . . . Flight . | . . . Fastest Speed 50 | 50 100 100 Average Speed 111 | 94 100 137 Slowest Speed 700 | 100 115 700 Overloaded Moves . | . . . Propulsion Burnouts . | . . . Robots Hopped . | . . . Potential Cave-ins . | . . . Cave-ins Triggered . | . . . Exploration Rate (%) 22 | 4 42 21 Regions Visited 2 Branch Regions . Pre-discovered Areas . | . . . Known Exits Taken 1 | . 1 . Unknown Exits Taken 1 | 1 . . Scrap Searched . | . . . Spaces Dug . | . . . Terrain Destroyed 151 | . 12 139 Melee . | . . . Projectile . | . . . AOE 151 | . 12 139 Terrain Rammed . | . . . Walls Destroyed . | . . . Machines Disabled . | . . . Actions | -11 -10 -9 --------- Run | Yrd Mat Mat Total 1232 | 117 820 295 Wait 425 | . 412 13 Move 728 | 106 377 245 Hop . | . . . Pick Up 14 | 3 7 4 Fast Attach 12 | 7 2 3 Attach 6 | . . 6 Detach 1 | 1 . . Swap 3 | . 1 2 Drop 4 | . 1 3 Fire 35 | . 18 17 Melee . | . . . Ram 4 | . 2 2 Kick . | . . . Crush . | . . . Escape Stasis . | . . . Rewire . | . . . Trap . | . . . Miscellaneous . | . . . Route ------- -11/Scrapyard -10/Materials (discovered 5 exits: *Mat x3 / *Min x2) -9/Materials History --------- Turn | Location | Event 7 | -11/Scrapyard | Discovered new exit (range 15) 115 | -11/Scrapyard | Entered Materials 301 | -10/Materials | Build established: Mutant 327 | -10/Materials | Identified exit to Mines 327 | -10/Materials | Identified exit to Materials 973 | -10/Materials | Entered another Materials area 973 | -9/Materials | Evolved 2 slots: Power x1, Weapon x1 1262 | -9/Materials | Destroyed 7 combat bots 1358 | -9/Materials | Core integrity fell below 50% 1384 | -9/Materials | Core integrity fell below 20% 1396 | -9/Materials | Destroyed by G-34 Mercenary with Small Laser Last Messages --------------- U-05 Engineer builds a Wall. K-01 Serf collects debris. U-05 Engineer destroyed. U-05 Engineer builds a Wall. K-01 Serf collects debris. U-05 Engineer builds a Wall. M-13 Machinist repairs W-16 Scout. U-05 Engineer lays Concrete. U-05 Engineer builds a Wall. U-05 Engineer lays Concrete. R-06 Scavenger collects Wheel. K-01 Serf collects debris. U-05 Engineer lays Concrete. R-06 Scavenger collects Wheel. U-05 Engineer lays Concrete. R-06 Scavenger collects Terrain Scanner. U-05 Engineer lays Concrete. K-01 Serf collects debris. R-06 Scavenger collects Lgt. Ion Engine. U-05 Engineer builds a Wall. Map ----- +----------------------------------------------------+ | ?????????????????????????????????????????????????? | | ?????????????????????????????????????????????????? | | ?????????????????????????????????????????????????? | | ?????????????????????######??????????????????????? | | ?????????????????????+ #?????????????????????? | | ???????????? ????????# #?????????????????????? | | ??????????# ????????# #?????????????????????? | | ??????????# ????????# #?????????????????????? | | ??????????# ????????# #?????????????????????? | | ??????????# ???????? #?????????????????????? | | ??????????# ???????? #?????????????????????? | | ???# #????# + #?????????????????????? | | ???# #????# # #?????????????????????? | | ???#?###### ##"T"### ? ##????????????????????? | | ???# # ##"""#?# ? ###??????????????????? | | ???# """ # ############### ####???????????????? | | ???# """ + #???????????????? | | ???# """ # s #???????????????? | | ???# # +???????????????? | | ???# # r #???????????????? | | ???######## g ##???????????????? | | ??????????##############gr% #????????????????? | | ?????????????####### # r ^ #????????????????? | | ?????????????# # #????????????????? | | ??###????????# # r== # ?????????? | | ??## #####???# """ """ # @== ##### #??????????? | | ### T #???# """ """ # == ku u ?????????? | | # #???# """ """ + ????????? | | # ##### # m ?????????? | | + ### #### ?????????? | | # # ### # # # % ??????????? | | # ############# # # ??????????? | | ######/### #??######## # ??????????? | | T" #??# # # ???????????? | | " #??# """ # # # ????????????? | | |% #??# """ ? # #? ???????????????? | | ## #/### #??# """ ?# ####??????????????????? | | ?# """ ### ####??# ??? #?????????????????????? | | ?# """ #?# #?????# ??? ??????????????????????? | | ?# """ #?# ###########??????????????????????????? | | ?# #?# ??????????????????????? | | ?# ### ###########??????????????????????????? | | ?# # # #???????#?????????????????????? | | ?######## # % #?????? #?????????????????????? | | ????????# # #######/#?????????????????????? | | ????????# + """ # #?????????????????????? | | ????????# # """ # #?????????????????????? | | ????????# # """ # #?????????????????????? | | ?######## ######## #?????????????????????? | | ?# # # #?????????????????????? | +----------------------------------------------------+ Best States ------------- Heat Dissipation 28 Energy Generation 15 Energy Capacity 275 Matter Stores 300 Matter Capacity 300 Sight Range 16 Terrain Scan Density 10 ECM Strength 1 Resistance: KI 20 Resistance: TH 20 Resistance: EX 20 Resistance: EM 20 Resistance: I 20 Resistance: S 20 Resistance: P 20 Evasion (%) 50 Offensive Hacking 10 Item Schematics ----------------- None Robot Schematics ------------------ None Fabricated ------------ Nothing Repaired ---------- Nothing Alien Tech Used ----------------- None Achievements -------------- None Challenges ------------ None Game ------ Seed MiningHoverTorch Manual? 0 Play Time 00:15:41 Cumulative 8.1 hours Start 2025.06.06 @ 07:28:11 End 2025.06.06 @ 07:41:44 Sessions 1 Manual Loads 0 Difficulty Adventurer Special Mode None Game No. 18 Rogue 0 Adventurer 18 Explorer 0 Win Type - Total 0 Types 0/0/0/0/0/0/0/0/0/0 Lore% 7 Gallery% 11 Achievement% 16 Wizard Run 0 Options --------- Layout 1 ASCII 0 Keyboard 0 Movement Arrows Keybinds 0 Fullscreen 1 Font 36/Smallcaps Map View 50x43 Zoom Use 0% Tactical HUD 0 Map Filters NONE Filters NONE Steam 1 RUN: 1dce4223-5296-490e-801d-a7c7a2e50ce4